 Dungeon Crawl Stone Soup version 0.21.1-1-g345015fe64 (webtiles) character file.

80 Gargoyl the Skirmisher (level 4, 0/39 HPs)
             Began as a Centaur Abyssal Knight on June 23, 2018.
             Was a Believer of Lugonu.
             Killed by nerve-wracking pain
             ... invoked by Grinder
              (8 damage)
             ... on level 2 of the Dungeon.
             The game lasted 00:04:06 (2579 turns).

Gargoyl the Skirmisher (Centaur Abyssal Knight)     Turns: 2579, Time: 00:04:06

Health: 0/39       AC: 11    Str: 15    XL:     4   Next: 18%
Magic:  6/6        EV:  7    Int: 11    God:    Lugonu [**....]
Gold:   59         SH:  0    Dex: 14    Spells: 3/3 levels left

rFire    + . .     SeeInvis .   d - +3 battleaxe (chop)
rCold    + . .     Gourm    .   (shield currently unavailable)
rNeg     . . .     Faith    .   f - +2 plate armour
rPois    +         Spirit   .   (no helmet)
rElec    +         Reflect  .   (no cloak)
rCorr    +         Harm     .   (no gloves)
MR       .....                  (no barding)
Stlth    ..........             (no amulet)
HPRegen  0.13/turn              (no ring)
MPRegen  0.10/turn              (no ring)

@: agile, resistant, very quick
A: large, hooves 3, deformed body, speed 2, tough skin 3
a: Depart the Abyss, Bend Space, Renounce Religion


You were on level 2 of the Dungeon.
You worshipped Lugonu.
Lugonu was pleased with you.
You were hungry.

You visited 1 branch of the dungeon, and saw 3 of its levels.
You visited the Abyss 1 time.

You collected 59 gold pieces.

Inventory:

Hand Weapons
 a - a +1 hand axe
 d - a +3 battleaxe of chopping (weapon)
Missiles
 k - 3 javelins (quivered)
Armour
 f - a +2 plate armour (worn)
Jewellery
 b - an uncursed amulet of regeneration {unknown}
 g - an uncursed amulet of the gourmand {unknown}
 l - a +3 ring of strength {unknown}
 n - an uncursed ring of see invisible {unknown}
Wands
 e - a wand of flame (24)
Scrolls
 m - a scroll of identify {unknown}
 p - 2 scrolls of teleportation
Potions
 j - a potion of lignification {unknown}
 o - a potion of heal wounds {unknown}
Comestibles
 c - 5 rations


   Skills:
 + Level 3.6 Fighting
 + Level 2.3 Axes
 * Level 2.2 Armour
 + Level 0.6 Dodging
 * Level 2.8 Invocations


You had 3 spell levels left.
You didn't know any spells.

Dungeon Overview and Level Annotations

Branches:
Dungeon (3/15)

Altars:
Yredelemnul

Annotations:
D:2 Grinder
D:3 kaisn's ghost, amateur FoFi


Innate Abilities, Weirdness & Mutations

You have hooves in place of feet.
Armour fits poorly on your strangely shaped body.
You cover ground very quickly.
You have extremely tough skin. (AC +3)


Message History

Okay, then.
You closely miss Grinder. Grinder hits you.
Grinder hits you but does no damage.
You closely miss Grinder. Your kick misses Grinder.
Grinder hits you but does no damage.
You closely miss Grinder. Grinder gestures at you.
Pain shoots through your body!
* * * LOW HITPOINT WARNING * * *
Grinder hits you but does no damage.
Unknown command.
It was a potion of resistance.
You feel protected. Grinder hits you.
* * * LOW HITPOINT WARNING * * *
You writhe in agony.
* * * LOW HITPOINT WARNING * * *
Grinder gestures at you. Pain shoots through your body!
You die...

#[# ### ##'##
#............ #.# ##.##
#.# #..###..##### #.#
##...###.# #.## ##.# #.#
##.....##.####.#####.# ##
#.###..........##........#
#.
#..............[#.########
#. #####..........##.# #.
##.[..5.......# #.
##..>###@##### #. ##.##
#.# #. ### #.# #.
######### #.# #. ........#
#.# #. .######.# #.# #. )#
#.# #.# #. .######.######
#.# ## .##..........#
#.##############


You could see Grinder.

Vanquished Creatures
  2 adders (D:2)
  An ooze (D:1)
  A worm (D:2)
  A dart slug (D:1)
  A leopard gecko (D:1)
  6 bats
  4 giant cockroaches (D:2)
  4 goblins
  8 hobgoblins
  4 jackals (D:2)
  4 frilled lizards
  4 kobolds
  12 rats
52 creatures vanquished.

Notes
Turn   | Place    | Note
-------+----------+-------------------------------------------
     0 | Abyss:1  | Gargoyl the Centaur Abyssal Knight began the quest for the Orb.
     0 | Abyss:1  | Reached XP level 1. HP: 19/19 MP: 2/2
    90 | Abyss:3  | Noticed an iron imp
    99 | D:1      | Escaped the Abyss
   482 | D:1      | Reached XP level 2. HP: 23/26 MP: 3/3
   547 | D:1      | Reached * piety under Lugonu
  1199 | D:2      | Reached XP level 3. HP: 31/31 MP: 4/4
  1362 | D:2      | Found a faded altar of an unknown god.
  1956 | D:2      | Reached XP level 4. HP: 34/38 MP: 6/6
  1960 | D:2      | Reached ** piety under Lugonu
  2084 | D:2      | Found a basalt altar of Yredelemnul.
  2567 | D:3      | Noticed Grinder
  2567 | D:3      | Noticed kaisn's ghost (amateur FoFi)
  2579 | D:2      | Killed from afar by Grinder

Skill      XL: |  1  2  3 |
---------------+----------+-----
Axes           | 2 |  2.3
Armour         | 2 |  2.2
Fighting       | |  3.6
Dodging        | |  0.6
Invocations    | |  2.8

Action                   |  1- 3 |  4- 6 || total
-------------------------+-------+-------++-------
Melee: Battleaxe         |   127 |    32 ||   159
       Kick              |    15 |     5 ||    20
Invok: Depart the Abyss  |     1 |       ||     1
  Use: Scroll            |     7 |       ||     7
       Potion            |       |     2 ||     2
  Eat: Chunk             |     2 |     1 ||     3
Armor: Plate armour      |   174 |    53 ||   227
       Leather armour    |     1 |       ||     1
Dodge: Dodged            |    24 |     7 ||    31
